 Dungeon Crawl Stone Soup version 0.31-a0-210-gccc998df9b (webtiles) character file.

Game seed: 15316186327745605994

46 qw the Chopper (level 3, -3/23 HPs)
             Began as a Gargoyle Fighter on June 29, 2023.
             Killed by nerve-wracking pain
             ... invoked by Jessica
              (6 damage)
             ... on level 2 of the Dungeon.
             The game lasted 00:00:28 (1356 turns).

qw the Chopper (Gargoyle Fighter)                   Turns: 1356, Time: 00:00:29

Health: -3/23      AC: 10    Str: 21    XL:     3   Next: 66%
Magic:  3/3        EV:  9    Int:  8    God:
Gold:   30         SH:  4    Dex:  9    Spells: 2/2 levels left

rFire   . . .        Y - +0 war axe
rCold   . . .        c - +0 buckler
rNeg    + . .        b - +0 scale mail
rPois   inf          (no helmet)
rElec   +            (no cloak)
rCorr   .            (no gloves)
SInv    .            (no boots)
Will    .....        (no amulet) Stlth
                     (no ring)
HPRegen 0.23/turn    (no ring)
MPRegen 0.08/turn

%: no passive effects
@: no status effects
A: sickness immunity, AC +3, negative energy resistance 1, electricity
resistance, torment resistance 1, petrification resistance
a: no special abilities


You were on level 2 of the Dungeon.
You visited 1 branch of the dungeon, and saw 2 of its levels.

You collected 30 gold pieces.


Innate Abilities, Weirdness & Mutations

You are immune to sickness and miasma.
Your stone body is resilient. (AC +3)
You are immune to poison.
You resist negative energy. (rN+)
You are resistant to electric shocks. (rElec)
You are resistant to unholy torment.
You are immune to petrification.


   Skills:
 - Level 3.2 Fighting
 + Level 3.5 Axes
 - Level 3.2 Armour
 - Level 3.2 Shields


You had 2 spell levels left.
You didn't know any spells.
Your spell library was empty.

Inventory:

Hand Weapons
 j - a +0 mace
 Y - a +0 war axe (weapon)
Armour
 b - a +0 scale mail (worn)
 c - a +0 buckler (worn)
Scrolls
 a - a scroll of fear {unknown}
Potions
 d - a potion of might
 e - a potion of resistance {unknown}
 f - a potion of enlightenment
 k - a potion of curing {unknown}

Dungeon Overview and Level Annotations

Branches:
Dungeon (2/15)

Altars:

Annotations:
D:2 Jessica, Sigmund


Message History

Pain shoots through your body! Jessica casts a spell at you.
You barely resist. Sigmund hits you but does no damage.
Sigmund gestures at you while chanting. The magic dart hits you.
Jessica mumbles some strange words.
Jessica blinks!
Sigmund hits you but does no damage.
You feel less confused. Sigmund barely misses you.
You hit Sigmund but do no damage. Sigmund gestures at you while chanting.
You are confused.
Sigmund screams, "Don't try to resist!"
Sigmund closely misses you.
Jessica mumbles something strange.
Jessica hits you but does no damage. Sigmund hits you but does no damage.
Jessica hits you with a +0 dagger. Sigmund hits you with a +0 scythe!
Jessica casts a spell.
Jessica seems to speed up.
Jessica gestures at you while chanting.
You barely resist.
Sigmund points at you and mumbles some strange words.
The magic dart hits you but does no damage.
Jessica barely misses you.
Sigmund points at you and mumbles some strange words.
The puff of flame hits you! Jessica hits you but does no damage.
You feel less confused. Jessica completely misses you.
Sigmund hits you but does no damage.
You barely miss Sigmund. You slash Jessica! Jessica hits you with a +0 dagger.
Jessica casts a spell at you. Pain shoots through your body!
You barely miss Jessica.
Jessica is almost dead.
You slash Sigmund! Jessica hits you but does no damage.
Sigmund hits you but does no damage. Jessica casts a spell at you.
Pain shoots through your body!
You die...

#.#...# . .#.... #.
....# .######.#<#######
.....#.........#
#....+.........# #
#....##..@.....#
#.#....##.@@.....#
#######.#.#'###.......!#
.......................#
#######.#.#.##.........#
.. .. #.#.##.........+
## ## #.#.##.........#
.# #.#.##(........# .#
#.#.##.######### .#
#.#.##.#


You could see Sigmund and Jessica (fast).

Vanquished Creatures
  An adder (D:2)
  A gnoll (D:1)
  A dart slug (D:1)
  3 endoplasms
  2 goblins (D:1)
  4 hobgoblins (D:1)
  2 jackals (D:1)
  3 ball pythons (D:1)
  3 bats
  A frilled lizard (D:1)
  2 kobolds
23 creatures vanquished.

Notes
Turn   | Place    | Note
-------+----------+-------------------------------------------
     0 | D:1      | qw the Gargoyle Fighter began the quest for the Orb.
     0 | D:1      | Reached XP level 1. HP: 14/14 MP: 1/1
     0 | D:1      | 0 ||| qw: Version: 0.3-a-24-ga2abf7b
     0 | D:1      | 0 ||| qw: Game counter: 6814
     0 | D:1      | 0 ||| qw: Melee chars always use a shield: true
     0 | D:1      | 0 ||| qw: God list: Okawaru
     0 | D:1      | 0 ||| qw: Allow faded altars: false
     0 | D:1      | 0 ||| qw: Do Orc after clearing Dungeon:15 true
     0 | D:1      | 0 ||| qw: Do second Lair branch before Depths: true
     0 | D:1      | 0 ||| qw: Lair rune preference: random
     0 | D:1      | 0 ||| qw: Goals: Normal, Zot:1-4, Slime:5, God:TSO, Crypt,
                  | Tomb, Abyss, Pan, Hells, Win
     0 | D:1      | 0 ||| PLANNING D:1-11
    66 | D:1      | Reached XP level 2. HP: 7/19 MP: 2/2
   290 | D:1      | 290 ||| Stepping ~*~*~tactically~*~*~ (hiding).
   297 | D:1      | Reached skill level 3 in Axes
   400 | D:1      | 400 ||| Stepping ~*~*~tactically~*~*~ (hiding).
   537 | D:1      | Reached XP level 3. HP: 23/23 MP: 3/3
   722 | D:1      | 722 ||| DROPPING +0 club.
  1175 | D:1      | 1175 ||| READING scroll labelled KEEC JOAB.
  1176 | D:1      | 1176 ||| READING scroll labelled SAOPNI MEDGHE.
  1177 | D:1      | 1177 ||| READING scroll labelled ENOMO VEXUT.
  1181 | D:1      | 1181 ||| DRINKING 2 sapphire potions.
  1334 | D:2      | Noticed Sigmund
  1336 | D:2      | Noticed Jessica
  1355 | D:2      | HP: 3/23 [Jessica/+0 dagger (3)]
  1356 | D:2      | Killed from afar by Jessica

Levels and vault maps discovered:
D:1:      dpeg_arrival_orchard, layout_loops_corners, grunt_decor_arrowhead,
          roderic_roman_lattice, nicolae_figureground_sparkle
D:2:      layout_basic, st_stairs_7, uniq_jessica, uniq_sigmund

Skill      XL: |  1  2 |
---------------+-------+-----
Axes           | 2 3 |  3.5
Fighting       | |  3.2
Armour         | |  3.2
Shields        | |  3.2

Action                     || total
---------------------------++-------
  Melee: War axe           ||    75
    Use: Scroll            ||     3
         Potion            ||     1
 Armour: Scale mail        ||    51
  Dodge: Dodged            ||    34
  Block: Buckler           ||    12

Table legend:
 A = Non-vault XP
 B = Vault XP
 C = Vault XP percentage of total XP
 D = Non-vault monster count
 E = Vault monster count
 F = Vault count percentage of total count
                 A         B        C        D         E       F
            +---------+---------+-------+---------+---------+-------
      Total |      50 |      16 |  24.2 |      21 |       2 |   8.7
            +---------+---------+-------+---------+---------+-------
        D:1 |      46 |       0 |   0.0 |      19 |       0 |   0.0
        D:2 |       4 |      16 |  80.0 |       2 |       2 |  50.0
            +---------+---------+-------+---------+---------+-------
